Description

Nothing fancy, im training

Replay - Skytoss test

Build Order

Get SALT Encoding   

  12  0:01  Probe (Chrono Boost)  
  13  0:12  Probe (Chrono Boost)  
  14  0:19  Pylon  
  14  0:27  Probe (Chrono Boost)  
  15  0:33  Assimilator  
  15  0:40  Gateway  
  15  0:45  Probe (Chrono Boost)  
  16  0:55  Probe (Chrono Boost)  
  17  1:20  Nexus  
  17  1:26  Probe (Chrono Boost)  
  18  1:37  Cybernetics Core  
  18  1:42  Probe (Chrono Boost)  
  19  1:52  Probe (Chrono Boost)  
  20  1:56  Pylon  
  20  1:59  Assimilator  
  20  2:03  Probe (Chrono Boost)  
  21  2:12  Zealot  
  21  2:14  Probe (Chrono Boost)  
  24  2:25  Probe (Chrono Boost)  
  25  2:31  Warp Gate  
  26  2:37  Probe (Chrono Boost)  
  26  2:38  Probe (Chrono Boost)  
  26  2:39  Stalker  
  29  2:49  Probe x2 (Chrono Boost)  
  31  2:59  Assimilator  
  31  3:00  Assimilator  
  31  3:01  Probe (Chrono Boost)  
  31  3:03  Pylon, Probe (Chrono Boost)  
  34  3:14  Mothership Core (Chrono Boost), Probe (Chrono Boost)  
  36  3:26  Probe (Chrono Boost)  
  37  3:33  Probe (Chrono Boost)  
  38  3:38  Probe (Chrono Boost)  
  39  3:42  Stargate  
  39  3:43  Probe (Chrono Boost)  
  40  3:50  Probe (Chrono Boost)  
  40  3:52  Stargate  
  40  3:54  Adept, Probe (Chrono Boost)  
  44  4:15  Probe (Chrono Boost)  
  45  4:19  Probe (Chrono Boost)  
  46  4:29  Oracle  
  46  4:32  Oracle  
  54  4:39  Probe (Chrono Boost)  
  54  4:40  Probe (Chrono Boost)  
  54  5:04  Gateway  
  54  5:07  Forge  
  54  5:10  Gateway  
  54  5:34  Pylon  
  54  5:38  Pylon  
  54  5:43  Pylon  
  54  5:46  Protoss Ground Weapons Level 1, Void Ray x2, Pylon  
  54  5:49  Protoss Air Weapons Level 1  
  54  5:51  Pylon  
  54  5:56  Pylon  
  62  6:23  Void Ray x2  
  70  6:35  Stargate  
  70  6:45  Robotics Facility  
  70  6:56  Adept  
  70  6:57  Adept  
  74  7:10  Nexus  
  74  7:12  Pylon  
  74  7:16  Pylon  
  74  7:28  Void Ray x2  
  74  7:29  Probe x2 (Chrono Boost)  
  76  7:33  Gateway  
  84  7:41  Void Ray  
  88  7:45  Protoss Air Armor Level 1  
  88  7:54  Twilight Council  
  88  8:01  Probe (Chrono Boost)  
  88  8:02  Probe (Chrono Boost)  
  90  8:06  Adept  
  90  8:07  Adept x2  
  90  8:08  Void Ray x2  
  96  8:17  Observer  
  105  8:28  Void Ray  
  109  8:39  Observer, Resonating Glaives  
  110  8:45  Void Ray  
  110  8:52  Probe (Chrono Boost)  
  110  8:53  Probe x2 (Chrono Boost)  
  117  8:59  Warp Prism  
  117  9:02  Probe (Chrono Boost)  
  120  9:05  Probe x2 (Chrono Boost)  
  122  9:12  Void Ray  
  122  9:13  Probe (Chrono Boost)  
  125  9:17  Probe x2 (Chrono Boost)  
  125  9:18  Void Ray  
  133  9:25  Assimilator  
  133  9:29  Assimilator  
  133  9:52  Pylon  
  133  9:54  Probe (Chrono Boost)  
Spawning Tool Build Advisor. Get it on Overwolf

Analysis

Nothing fancy, im training

Go to:

Details

  • Created by: makeallry
  • Published on: Dec 25, 2016
  • Modified on: Dec 25, 2016
  • Patch: 3.8.0
Show
View Real Time Build Order
Export as new Build Order

Comments (0)

There are no comments. Be the first!

Create an account to comment!